 Dungeon Crawl Stone Soup version 0.28.0 (webtiles) character file.

Game seed: 17263023033541580819

13 Prodoman the Magician (level 2, -2/19 HPs)
             Began as a Demonspawn Hedge Wizard on Feb 4, 2022.
             Slain by a jackal (3 damage)
             ... on level 1 of the Dungeon.
             The game lasted 00:01:45 (294 turns).

Prodoman the Magician (Demonspawn Hedge Wizard)      Turns: 294, Time: 00:01:46

Health: -2/19      AC:  2    Str: 10    XL:     2   Next: 24%
Magic:  0/6        EV: 12    Int: 15    God:
Gold:   37         SH:  0    Dex: 12    Spells: 6/7 levels left

rFire   . . .      SeeInvis .   e - +0 dagger (drain)
rCold   . . .      Faith    .   (no shield)
rNeg    . . .      Spirit   .   b - +0 robe
rPois   .          Reflect  .   c - +0 hat
rElec   .          Harm     .   (no cloak)
rCorr   .          Rampage  .   (no gloves)
Will    .....                   (no boots)
Stlth   ++........              (no amulet)
HPRegen 0.06/turn               (no ring)
MPRegen 0.10/turn               (no ring)

@: no status effects
A: ignite blood 1
a: no special abilities


You were on level 1 of the Dungeon.
You visited 1 branch of the dungeon, and saw 1 of its levels.

You collected 37 gold pieces.

Inventory:

Hand Weapons
 a - a +0 dagger
 e - a +0 dagger of draining (weapon)
Armour
 b - a +0 robe (worn)
 c - a +0 hat (worn)
Scrolls
 d - 2 scrolls of vulnerability {unknown}


   Skills:
 + Level 2.0 Dodging
 + Level 2.0 Stealth
 * Level 3.1 Spellcasting
 + Level 1.2 Conjurations
 + Level 1.2 Summonings
 + Level 1.0 Translocations


You had 6 spell levels left.
You knew the following spells:

 Your Spells              Type           Power      Damage    Failure   Level
a - Magic Dart            Conj           24%        1d4       12%         1

Your spell library contained the following spells:

 Spells                   Type           Power      Damage    Failure   Level
 Blink                    Tloc           10%        N/A       19%         2
 Call Imp                 Summ           6%         N/A       19%         2
 Slow                     Hex            8%         N/A       21%         1
 Conjure Flame            Conj/Fire      4%         6-21      43%         3
 Mephitic Cloud           Conj/Pois/Air  3%         N/A       45%         3


Dungeon Overview and Level Annotations

Branches:
Dungeon (1/15)

Altars:


Innate Abilities, Weirdness & Mutations

Your demonic aura sometimes causes spilled blood to erupt in flames.


Message History

Unknown command.
Hit: e) +0 dagger (drain)
Press: ? - help, Dir - move target, f/p - rat
Aim: a rat (about 38% to evade your +0 dagger of draining)
You barely miss the rat. The jackal barely misses you.
The rat closely misses you. The jackal barely misses you.
Hit: e) +0 dagger (drain)
Press: ? - help, Dir - move target, f/p - rat
Aim: a rat (about 38% to evade your +0 dagger of draining)
You hit the rat. You drain the rat.
You kill the rat!
The jackal bites you but does no damage.
Hit: e) +0 dagger (drain)
Press: ? - help, Dir - move target, f - jackal
Aim: a jackal (heavily drained, about 45% to evade your +0 dagger of draining)
You hit the jackal but do no damage. The jackal bites you.
* * * LOW HITPOINT WARNING * * *
Casting: Magic Dart (safe; 12% risk of failure)
Confirm with . or Enter, or press ? or * to list all spells.
Aiming: Magic Dart (safe; 12% risk of failure)
Press: ? - help, Shift-Dir - straight line, f/p - jackal
Aim: a jackal (heavily drained, 100% to hit)
The magic dart hits the jackal but does no damage.
The jackal bites you.
* * * LOW HITPOINT WARNING * * *
The jackal barely misses you.
Hit: e) +0 dagger (drain)
Press: ? - help, Dir - move target, f/p - jackal
Aim: a jackal (heavily drained, about 45% to evade your +0 dagger of draining)
You closely miss the jackal. The jackal closely misses you.
Hit: e) +0 dagger (drain)
Press: ? - help, Dir - move target, f/p - jackal
Aim: a jackal (heavily drained, about 45% to evade your +0 dagger of draining)
You hit the jackal but do no damage. Your punch misses the jackal.
The jackal barely misses you. x2
Hit: e) +0 dagger (drain)
Press: ? - help, Dir - move target, f/p - jackal
Aim: a jackal (heavily drained, about 45% to evade your +0 dagger of draining)
You hit the jackal but do no damage. The jackal bites you.
You die...

............
#........... .. ..
............ .....
............ .>....
.†.........# .#....
.#......#..# #......
#.......#..# .......
........#..######†......
####...##.......@†......
#####......###...h#.....
.............)...## ...
#####...#..##....## .
##............#
######.............#
...................#
###................#
####............##


You could see a jackal (drained).

Vanquished Creatures
  2 hobgoblins (D:1)
  2 jackals (D:1)
  2 bats (D:1)
  3 goblins (D:1)
  2 kobolds (D:1)
  A rat (D:1)
12 creatures vanquished.

Notes
Turn   | Place    | Note
-------+----------+-------------------------------------------
     0 | D:1      | Prodoman the Demonspawn Hedge Wizard began the quest for
                  | the Orb.
     0 | D:1      | Reached XP level 1. HP: 13/13 MP: 4/4
    49 | D:1      | Reached skill level 1 in Translocations
   210 | D:1      | Gained mutation: Your demonic aura sometimes causes spilled
                  | blood to erupt in flames. [demonic ancestry]
   210 | D:1      | Reached XP level 2. HP: 18/19 MP: 0/6
   294 | D:1      | Slain by a jackal

Illustrated notes

Levels and vault maps discovered:
D:1:      dpeg_arrival_orchard, layout_rooms, minmay_misc_feat_cross,
          st_stairs_4

Skill      XL: |  1  2 |
---------------+-------+-----
Translocations | 1 |  1.0
Stealth        | 2 |  2.0
Dodging        | 2 |  2.0
Spellcasting   | |  3.1
Conjurations   | |  1.2
Summonings     | |  1.2

Action                   || total
-------------------------++-------
Melee: Dagger            ||    19
 Cast: Magic Dart        ||    21
Armor: Robe              ||     4
Dodge: Dodged            ||    21
